 Dungeon Crawl Stone Soup version 0.31.0 (webtiles) character file.

Game seed: 17411617604611430389

15 qw the Shooter (level 2, -5/17 HPs)
             Began as a Gargoyle Hunter on Jan 19, 2024.
             Slain by Sigmund
             ... wielding a +0 scythe
              (8 damage)
             ... on level 2 of the Dungeon.
             The game lasted 00:00:03 (653 turns).

qw the Shooter (Gargoyle Hunter)                     Turns: 653, Time: 00:00:03

Health: -5/17      AC:  9    Str: 14    XL:     2   Next: 50%
Magic:  2/2        EV: 10    Int:  9    God:
Gold:   54         SH:  0    Dex: 13    Spells: 1/1 levels left

rFire   . . .        a - +0 shortbow
rCold   . . .        (shield currently unavailable)
rNeg    + . .        d - +0 ring mail
rPois   inf          (no helmet)
rElec   +            (no cloak)
rCorr   .            k - +1 pair of gloves
SInv    .            (no boots)
Will    .....        (no amulet)
Stlth   +            (no ring)
HPRegen 0.22/turn    (no ring)
MPRegen 0.08/turn

%: no passive effects
@: no status effects
A: sickness immunity, AC +2, negative energy resistance 1, electricity
resistance, torment resistance 1, petrification resistance
a: no special abilities


You were on level 2 of the Dungeon.
You visited 1 branch of the dungeon, and saw 2 of its levels.

You collected 54 gold pieces.


Innate Abilities, Weirdness & Mutations

You are immune to sickness and miasma.
Your stone body is resilient. (AC +2)
You are immune to poison.
You resist negative energy. (rN+)
You are resistant to electric shocks. (rElec)
You are resistant to unholy torment.
You are immune to petrification.


   Skills:
 - Level 2.1 Fighting
 - Level 4.6 Ranged Weapons
 + Level 0.2 Armour
 - Level 1.5 Dodging
 - Level 1.1 Stealth


You had one spell level left.
You didn't know any spells.
Your spell library was empty.

Inventory:

Hand Weapons
 a - a +0 shortbow (weapon)
Armour
 d - a +0 ring mail (worn)
 k - a +1 pair of gloves (worn)
Jewellery
 b - a ring of flight
Potions
 j - a potion of heal wounds

Dungeon Overview and Level Annotations

Branches:
Dungeon (2/15)

Altars:

Annotations:
D:2 Sigmund


Message History

Deactivating autopickup; reactivate with Ctrl-A.
You shoot an arrow.
You hear some strange, mumbled words.
You are more confused.
634 ||| FLEEEEING.
There is a stone staircase leading up here.
635 ||| STAIRDANCE You hear some strange, mumbled words.
Something tries to affect you, but you resist.
In your confused state, you trip and fall back down the stairs.
Something hits you.
637 ||| STAIRDANCE Something hits you but does no damage.
You climb upwards.
Reactivating autopickup.
There is a stone staircase leading down here.
You feel less confused.
Done exploring.
What level of the Dungeon? (default 2, ? - help)
You climb downwards.
Level annotation: Sigmund
There is a stone staircase leading up here.
There is an open door here.
Deactivating autopickup; reactivate with Ctrl-A.
Something tries to affect you, but you resist.
Autopickup is now on.
b - a ring of flight Something hits you but does no damage.
Deactivating autopickup; reactivate with Ctrl-A.
Autopickup is now on.
There is a strange disturbance nearby!
651 ||| Stepping randomly (disturbance).
You shoot an arrow. Something hits you.
Deactivating autopickup; reactivate with Ctrl-A.
You shoot an arrow. Something hits you!
653 ||| FLEEEEING.
Something hits you!
You die...

#####'##...
#.$.........
#...........
#..........#
#..........#
#####..........+
........{......#.
##............
#..@%.........
#.##'#........ #
#.<#........
#..#........
#..#.######.
#..#.# ####.# ..#
#.#


There were no monsters in sight!

Vanquished Creatures
  A dart slug (D:1)
  3 ball pythons (D:1)
  An endoplasm (D:1)
  A giant cockroach (D:1)
  A hobgoblin (D:2)
  2 kobolds (D:1)
  A quokka (D:1)
  A bat (D:1)
  A frilled lizard (D:1)
12 creatures vanquished.

Notes
Turn   | Place    | Note
-------+----------+-------------------------------------------
     0 | D:1      | qw the Gargoyle Hunter began the quest for the Orb.
     0 | D:1      | Reached XP level 1. HP: 12/12 MP: 1/1
     0 | D:1      | 0 ||| qw: Version: 0.3-a-132-g3d54051
     0 | D:1      | 0 ||| qw: Game counter: 232
     0 | D:1      | 0 ||| qw: Melee chars always use a shield: true
     0 | D:1      | 0 ||| qw: God list: Okawaru
     0 | D:1      | 0 ||| qw: Allow faded altars: false
     0 | D:1      | 0 ||| qw: Do Orc after clearing Dungeon:15 true
     0 | D:1      | 0 ||| qw: Do second Lair branch before Depths: true
     0 | D:1      | 0 ||| qw: Lair rune preference: random
     0 | D:1      | 0 ||| qw: Goals: Normal
     0 | D:1      | 0 ||| PLANNING D:1-11
   132 | D:1      | Reached XP level 2. HP: 17/17 MP: 2/2
   395 | D:1      | 395 ||| UPGRADING to +0 ring mail.
   405 | D:1      | 405 ||| DROPPING +0 leather armour.
   406 | D:1      | 406 ||| UPGRADING to +0 pair of gloves.
   411 | D:1      | 411 ||| READING scroll labelled LOBURO XANIX.
   411 | D:1      | 411 ||| IDENTIFYING 2 orange potions
   412 | D:1      | 412 ||| READING scroll labelled RECWIA MEUQI.
   413 | D:1      | 413 ||| READING scroll labelled FYOLYF YTEO.
   413 | D:1      | 413 ||| ENCHANTING +0 pair of gloves.
   414 | D:1      | 414 ||| READING scroll labelled MOMAFA LAIT.
   515 | D:1      | 515 ||| DRINKING 3 murky red potions.
   516 | D:1      | 516 ||| DROPPING scroll of butterflies.
   517 | D:1      | 517 ||| DROPPING 2 potions of invisibility.
   547 | D:2      | Noticed Sigmund
   549 | D:2      | 549 ||| FLEEEEING.
   550 | D:2      | 550 ||| FLEEEEING.
   551 | D:2      | 551 ||| STAIRDANCE
   570 | D:2      | 570 ||| STAIRDANCE
   627 | D:2      | HP: 4/17 [Sigmund/+0 scythe (8)]
   628 | D:2      | 628 ||| DRINKING 2 potions of heal wounds.
   634 | D:2      | 634 ||| FLEEEEING.
   635 | D:2      | 635 ||| STAIRDANCE
   637 | D:2      | 637 ||| STAIRDANCE
   651 | D:2      | 651 ||| Stepping randomly (disturbance).
   652 | D:2      | HP: 3/17 [something (8)]
   653 | D:2      | 653 ||| FLEEEEING.
   653 | D:2      | Slain by Sigmund

Levels and vault maps discovered:
D:1:      psy_arrival_conway, layout_rooms, glass_columns_a
D:2:      layout_basic, serial_bayou, serial_bayou_pond_a, serial_bayou_shore_b,
          serial_bayou_pond_e, serial_bayou_shore_a, uniq_sigmund, uniq_terence,
          uniq_jessica

Action                     || total
---------------------------++-------
   Fire: Shortbow          ||    58
    Use: Scroll            ||     4
         Potion            ||     2
 Armour: Leather armour    ||     2
         Ring mail         ||    15
  Dodge: Dodged            ||    13

Table legend:
 A = Non-vault XP
 B = Vault XP
 C = Vault XP percentage of total XP
 D = Non-vault monster count
 E = Vault monster count
 F = Vault count percentage of total count
                 A         B        C        D         E       F
            +---------+---------+-------+---------+---------+-------
      Total |      22 |       0 |   0.0 |      12 |       0 |   0.0
            +---------+---------+-------+---------+---------+-------
        D:1 |      20 |       0 |   0.0 |      11 |       0 |   0.0
        D:2 |       2 |       0 |   0.0 |       1 |       0 |   0.0
            +---------+---------+-------+---------+---------+-------
